| TOP OF THE 1ST |
|
Aberdeen Ironbirds batting - Pitching for Vermont Lake Monsters : RHP Kyle Rasor
|
|
Pitching: RHP Kyle Rasor
|
|
|
Batting: LHB Vinny Rivera
|
0-0: Called Strike 0-1: Foul Ball, location: 2F 0-2: Strikes out swinging
|
|
Batting: LHB Pat Fontana
|
0-0: Swinging Strike 0-1: Ball 1-1: Foul Ball, location: 2F 1-2: Foul Ball, location: 2F 1-2: Strikes out swinging
|
|
Batting: SHB Carlos Carrillo
|
0-0: Ball 1-0: Foul Ball, location: 2F 1-1: Foul Ball, location: 2F 1-2: Strikes out swinging
|
| Top of the 1st over - 0 runs, 0 hits, 0 errors, 0 left on base; Aberdeen 0 - Vermont 0 |
| BOTTOM OF THE 1ST |
|
Vermont Lake Monsters batting - Pitching for Aberdeen Ironbirds : RHP Steve Webb
|
|
Pitching: RHP Steve Webb
|
|
|
Batting: RHB Josh Mauer
|
0-0: Ball 1-0: Foul Ball, location: 2F 1-1: Called Strike 1-2: Ground out 6-3 (Groundball, 6MD, EV 86.9 MPH)
|
|
Batting: RHB Walt Alaniz
|
0-0: Called Strike 0-1: Ball 1-1: SINGLE (Groundball, 56D, EV 98.8 MPH)
|
|
Batting: RHB Zachary Anderson
|
0-0: DOUBLE (Line Drive, 9LS, EV 100.6 MPH) Walt Alaniz to third
|
|
Batting: LHB Brian Puccio
|
0-0: Called Strike 0-1: Ball 1-1: Foul Ball, location: 2F 1-2: Ground out 4-3 (Groundball, 4, EV 90.0 MPH) Walt Alaniz scores Zachary Anderson to third
|
|
Batting: LHB Nick Pacheco
|
0-0: Swinging Strike 0-1: Called Strike 0-2: Strikes out looking
|
| Bottom of the 1st over - 1 run, 2 hits, 0 errors, 1 left on base; Aberdeen 0 - Vermont 1 |
| TOP OF THE 2ND |
|
Aberdeen Ironbirds batting - Pitching for Vermont Lake Monsters : RHP Kyle Rasor
|
|
Batting: RHB Jonathan Mendoza
|
0-0: Ball 1-0: Called Strike 1-1: Called Strike 1-2: Strikes out swinging
|
|
Batting: LHB Sam Williams
|
0-0: Ball 1-0: Called Strike 1-1: Ball 2-1: Ball 3-1: Called Strike 3-2: Base on Balls
|
|
Batting: RHB Kevin Popowicz
|
0-0: Called Strike 0-1: Foul Ball, location: 2F 0-2: Ball 1-2: Ball 2-2: Grounds into double play, 5-4-3 (Groundball, 56, EV 83.8 MPH)
|
| Top of the 2nd over - 0 runs, 0 hits, 0 errors, 0 left on base; Aberdeen 0 - Vermont 1 |
| BOTTOM OF THE 2ND |
|
Vermont Lake Monsters batting - Pitching for Aberdeen Ironbirds : RHP Steve Webb
|
|
Batting: RHB Chris Prinzing
|
0-0: Ground out 5-3 (Groundball, 56, EV 96.9 MPH)
|
|
Batting: SHB Steve Salafia
|
0-0: Ball 1-0: SINGLE (Groundball, 34D, EV 110.6 MPH)
|
|
Batting: RHB Jon Coleman
|
0-0: SINGLE (Flyball, 7LS, EV 84.4 MPH) Steve Salafia to second
|
|
Batting: RHB Rusty Prodoehl
|
0-0: Ball 1-0: Called Strike 1-1: Ball 2-1: Ball 3-1: Swinging Strike 3-2: Fly out, F8 (Flyball, 8LD, EV 98.8 MPH)
|
|
Batting: RHB Josh Mauer
|
0-0: Swinging Strike 0-1: Swinging Strike 0-2: Ball 1-2: Foul Ball, location: 2F 1-2: SINGLE (Groundball, 56, EV 103.1 MPH) Steve Salafia to third Jon Coleman to second Runner from 3rd tries for Home, SAFE, throw by LF to home
|
|
Batting: RHB Walt Alaniz
|
0-0: Called Strike 0-1: Ball 1-1: Ball 2-1: Swinging Strike 2-2: Strikes out swinging
|
| Bottom of the 2nd over - 1 run, 3 hits, 0 errors, 2 left on base; Aberdeen 0 - Vermont 2 |
| TOP OF THE 3RD |
|
Aberdeen Ironbirds batting - Pitching for Vermont Lake Monsters : RHP Kyle Rasor
|
|
Batting: SHB Chris Wright
|
0-0: Called Strike 0-1: Called Strike 0-2: Strikes out swinging
|
|
Batting: RHB Alfredo Reguera
|
0-0: Ball 1-0: Swinging Strike 1-1: Called Strike 1-2: Strikes out swinging, 2-3 out at first.
|
|
Batting: RHB Fernando Bravo
|
0-0: Ball 1-0: DOUBLE (Flyball, 89D, EV 109.4 MPH)
|
|
Batting: LHB Vinny Rivera
|
0-0: Foul Ball, location: 2F 0-1: Ball 1-1: Foul Ball, location: 2F 1-2: Strikes out swinging
|
| Top of the 3rd over - 0 runs, 1 hit, 0 errors, 1 left on base; Aberdeen 0 - Vermont 2 |
| BOTTOM OF THE 3RD |
|
Vermont Lake Monsters batting - Pitching for Aberdeen Ironbirds : RHP Steve Webb
|
|
Batting: RHB Zachary Anderson
|
0-0: Called Strike 0-1: Ball 1-1: Ground out 4-3 (Groundball, 4, EV 101.2 MPH)
|
|
Batting: LHB Brian Puccio
|
0-0: Ball 1-0: Called Strike 1-1: Foul Ball, location: 2F 1-2: Ball 2-2: DOUBLE (Line Drive, 78M, EV 92.5 MPH)
|
|
Batting: LHB Nick Pacheco
|
0-0: Swinging Strike 0-1: Swinging Strike 0-2: Foul Ball, location: 2F 0-2: Ball 1-2: Ball 2-2: Foul Ball, location: 2F 2-2: Strikes out swinging
|
|
Batting: RHB Chris Prinzing
|
0-0: Ball 1-0: Called Strike 1-1: Called Strike 1-2: Ball 2-2: Strikes out swinging
|
| Bottom of the 3rd over - 0 runs, 1 hit, 0 errors, 1 left on base; Aberdeen 0 - Vermont 2 |
| TOP OF THE 4TH |
|
Aberdeen Ironbirds batting - Pitching for Vermont Lake Monsters : RHP Kyle Rasor
|
|
Batting: LHB Pat Fontana
|
0-0: Called Strike 0-1: Called Strike 0-2: Ball 1-2: Foul Ball, location: 2F 1-2: Strikes out swinging
|
|
Batting: SHB Carlos Carrillo
|
0-0: Swinging Strike 0-1: Ball 1-1: Swinging Strike 1-2: Strikes out swinging
|
|
Batting: RHB Jonathan Mendoza
|
0-0: Ball 1-0: Ball 2-0: Ball 3-0: Base on Balls
|
|
Batting: LHB Sam Williams
|
0-0: Ball Jonathan Mendoza is caught stealing 2nd base 2-6
|
| Top of the 4th over - 0 runs, 0 hits, 0 errors, 0 left on base; Aberdeen 0 - Vermont 2 |
| BOTTOM OF THE 4TH |
|
Vermont Lake Monsters batting - Pitching for Aberdeen Ironbirds : RHP Steve Webb
|
|
Batting: SHB Steve Salafia
|
0-0: Swinging Strike 0-1: Ball 1-1: Foul Ball, location: 2F 1-2: Fly out, F7 (Flyball, 7D, EV 93.8 MPH)
|
|
Batting: RHB Jon Coleman
|
0-0: Ball 1-0: Ball 2-0: Ball 3-0: Base on Balls
|
|
Batting: RHB Rusty Prodoehl
|
0-0: Called Strike 0-1: Ball 1-1: Ball 2-1: Foul Ball, location: 2F 2-2: Reached on error, E5 (Groundball, 25, EV 84.4 MPH) Jon Coleman to second
|
|
Batting: RHB Josh Mauer
|
0-0: Called Strike 0-1: Ball 1-1: SINGLE (Flyball, 7LS, EV 91.9 MPH) Jon Coleman to third Rusty Prodoehl to second Runner from 3rd tries for Home, SAFE, throw by LF to home
|
|
Batting: RHB Walt Alaniz
|
0-0: Foul Ball, location: 2F 0-1: Foul Ball, location: 2F 0-2: Strikes out looking
|
|
Batting: RHB Zachary Anderson
|
0-0: Ball 1-0: Ball 2-0: Ball 3-0: Foul Ball, location: 2F 3-1: Base on Balls Rusty Prodoehl to third Josh Mauer to second
|
|
Batting: LHB Brian Puccio
|
0-0: Swinging Strike 0-1: Foul Ball, location: 2F 0-2: Strikes out swinging
|
| Bottom of the 4th over - 1 run, 1 hit, 1 error, 3 left on base; Aberdeen 0 - Vermont 3 |
| TOP OF THE 5TH |
|
Aberdeen Ironbirds batting - Pitching for Vermont Lake Monsters : RHP Kyle Rasor
|
|
Batting: LHB Sam Williams
|
0-0: Ball 1-0: Swinging Strike 1-1: Called Strike 1-2: Strikes out looking
|
|
Batting: RHB Kevin Popowicz
|
0-0: Called Strike 0-1: Hit by Pitch
|
|
Batting: SHB Chris Wright
|
0-0: Ball Kevin Popowicz steals 2nd base (no throw) 1-0: Ball 2-0: Called Strike 2-1: Foul Ball, location: 2F 2-2: Strikes out swinging
|
|
Batting: RHB Alfredo Reguera
|
0-0: Swinging Strike 0-1: Ball 1-1: Called Strike 1-2: Fly out, F9 (Flyball, 9LD, EV 105.6 MPH)
|
| Top of the 5th over - 0 runs, 0 hits, 0 errors, 1 left on base; Aberdeen 0 - Vermont 3 |
| BOTTOM OF THE 5TH |
|
Vermont Lake Monsters batting - Pitching for Aberdeen Ironbirds : RHP Steve Webb
|
|
Batting: LHB Nick Pacheco
|
0-0: Fly out, F8 (Line Drive, 8LM, EV 91.9 MPH)
|
|
Batting: RHB Chris Prinzing
|
0-0: Called Strike 0-1: Foul Ball, location: 2F 0-2: Ball 1-2: Foul Ball, location: 2F 1-2: Foul Ball, location: 2F 1-2: Ground out 6-3 (Groundball, 6, EV 85.0 MPH)
|
|
Batting: SHB Steve Salafia
|
0-0: Ground out 6-3 (Groundball, P, EV 78.1 MPH)
|
| Bottom of the 5th over - 0 runs, 0 hits, 0 errors, 0 left on base; Aberdeen 0 - Vermont 3 |
| TOP OF THE 6TH |
|
Aberdeen Ironbirds batting - Pitching for Vermont Lake Monsters : RHP Kyle Rasor
|
|
Pitching: RHP Pedro Taveras
|
|
|
Batting: RHB Fernando Bravo
|
0-0: TRIPLE (Flyball, 78XD, EV 107.5 MPH)
|
|
Batting: LHB Vinny Rivera
|
0-0: Swinging Strike 0-1: Swinging Strike 0-2: Strikes out swinging
|
|
Batting: LHB Pat Fontana
|
0-0: Foul Ball, location: 2F 0-1: Ball 1-1: Foul Ball, location: 2F 1-2: Ball 2-2: Ball Passed Ball! Fernando Bravo scores 3-2: Ground out 4-3 (Groundball, 4, EV 108.8 MPH)
|
|
Batting: SHB Carlos Carrillo
|
0-0: Swinging Strike 0-1: Ball 1-1: Ground out 4-3 (Groundball, 34D, EV 83.8 MPH)
|
| Top of the 6th over - 1 run, 1 hit, 0 errors, 0 left on base; Aberdeen 1 - Vermont 3 |
| BOTTOM OF THE 6TH |
|
Vermont Lake Monsters batting - Pitching for Aberdeen Ironbirds : RHP Steve Webb
|
|
Pitching: RHP Jose Santos
|
|
|
Batting: RHB Jon Coleman
|
0-0: Called Strike 0-1: Ball 1-1: Ball 2-1: Ball 3-1: Ground out 5-3 (Groundball, 56S, EV 82.5 MPH)
|
|
Batting: RHB Rusty Prodoehl
|
0-0: Ball 1-0: Foul Ball, location: 2F 1-1: Ball 2-1: Ground out 4-3 (Groundball, 4M, EV 85.0 MPH)
|
|
Batting: RHB Josh Mauer
|
0-0: Ball 1-0: Ball 2-0: Ball 3-0: Called Strike 3-1: Base on Balls
|
|
Batting: RHB Walt Alaniz
|
0-0: Foul Ball, location: 2F 0-1: Ball 1-1: Called Strike Josh Mauer steals 2nd, throwing error, E2 Josh Mauer to third 1-2: Fly out, F8 (Flyball, 8LXD, EV 100.0 MPH)
|
| Bottom of the 6th over - 0 runs, 0 hits, 1 error, 1 left on base; Aberdeen 1 - Vermont 3 |
| TOP OF THE 7TH |
|
Aberdeen Ironbirds batting - Pitching for Vermont Lake Monsters : RHP Pedro Taveras
|
|
Batting: RHB Jonathan Mendoza
|
0-0: Ball 1-0: Ball 2-0: Ball 3-0: Called Strike 3-1: Foul Ball, location: 2F 3-2: Strikes out swinging
|
|
Batting: LHB Sam Williams
|
0-0: Called Strike 0-1: Swinging Strike 0-2: Foul Ball, location: 2F 0-2: Strikes out swinging
|
|
Batting: RHB Kevin Popowicz
|
0-0: Called Strike 0-1: Ball 1-1: Ball 2-1: Ball 3-1: Fly out, F9 (Flyball, 9, EV 90.6 MPH)
|
| Top of the 7th over - 0 runs, 0 hits, 0 errors, 0 left on base; Aberdeen 1 - Vermont 3 |
| BOTTOM OF THE 7TH |
|
Vermont Lake Monsters batting - Pitching for Aberdeen Ironbirds : RHP Jose Santos
|
|
Batting: RHB Zachary Anderson
|
0-0: Ball 1-0: Fly out, F4 (Popup, 34D, EV 53.1 MPH)
|
|
Batting: LHB Brian Puccio
|
0-0: Called Strike 0-1: Ball 1-1: Ball 2-1: Foul Ball, location: 2F 2-2: SOLO HOME RUN (Flyball, 9D, EV 96.9 MPH), Distance : 377 ft
|
|
Batting: LHB Nick Pacheco
|
0-0: Ball 1-0: Swinging Strike 1-1: Ball 2-1: Ball 3-1: Foul Ball, location: 2F 3-2: Strikes out swinging
|
|
Batting: RHB Chris Prinzing
|
0-0: Ball 1-0: Fly out, F7 (Flyball, 78D, EV 75.6 MPH)
|
| Bottom of the 7th over - 1 run, 1 hit, 0 errors, 0 left on base; Aberdeen 1 - Vermont 4 |
| TOP OF THE 8TH |
|
Aberdeen Ironbirds batting - Pitching for Vermont Lake Monsters : RHP Pedro Taveras
|
|
Pitching: RHP Emanuel Andrade
|
|
|
Now at 3B: Alberto Malagon
|
|
|
Batting: SHB Chris Wright
|
0-0: Swinging Strike 0-1: Swinging Strike 0-2: Ball 1-2: Foul Ball, location: 2F 1-2: Ball 2-2: Strikes out swinging
|
|
Batting: RHB Alfredo Reguera
|
0-0: Ball 1-0: Ball 2-0: Ball 3-0: Called Strike 3-1: Called Strike 3-2: Foul Ball, location: 2F 3-2: Base on Balls
|
|
Batting: RHB Fernando Bravo
|
0-0: Ball 1-0: Ball 2-0: Ball 3-0: Base on Balls Alfredo Reguera to second
|
|
Batting: LHB Vinny Rivera
|
0-0: Ball 1-0: Swinging Strike 1-1: Ball 2-1: Ball 3-1: Called Strike 3-2: Base on Balls Alfredo Reguera to third Fernando Bravo to second
|
|
Batting: LHB Pat Fontana
|
0-0: Fly out, F8 (Flyball, 78M, EV 85.6 MPH) Runner from 3rd tags up, SCORES, throw by CF
|
|
Batting: SHB Carlos Carrillo
|
0-0: Ground out 4-3 (Groundball, 4, EV 101.9 MPH)
|
| Top of the 8th over - 1 run, 0 hits, 0 errors, 2 left on base; Aberdeen 2 - Vermont 4 |
| BOTTOM OF THE 8TH |
|
Vermont Lake Monsters batting - Pitching for Aberdeen Ironbirds : RHP Jose Santos
|
|
Batting: SHB Steve Salafia
|
0-0: Foul Ball, location: 2F 0-1: Ball 1-1: Called Strike 1-2: SINGLE (Groundball, 13, EV 80.0 MPH) (infield hit)
|
|
Pitching: RHP Nick Hodge
|
|
|
Batting: RHB Jon Coleman
|
0-0: Ground out 4-3 (Groundball, 4, EV 105.6 MPH) Steve Salafia to second
|
|
Batting: RHB Rusty Prodoehl
|
0-0: Ball 1-0: Ball 2-0: Foul Ball, location: 2F 2-1: Foul Ball, location: 2F 2-2: Strikes out swinging
|
|
Batting: RHB Josh Mauer
|
0-0: Called Strike 0-1: Ball 1-1: Ball 2-1: Ground out 3-1 (Groundball, 34, EV 95.0 MPH)
|
| Bottom of the 8th over - 0 runs, 1 hit, 0 errors, 1 left on base; Aberdeen 2 - Vermont 4 |
| TOP OF THE 9TH |
|
Aberdeen Ironbirds batting - Pitching for Vermont Lake Monsters : RHP Emanuel Andrade
|
|
Batting: RHB Jonathan Mendoza
|
0-0: Ball 1-0: Called Strike 1-1: Fly out, F9 (Flyball, 89D, EV 97.5 MPH)
|
|
Batting: LHB Sam Williams
|
0-0: Ball 1-0: Fly out, F7 (Flyball, 7, EV 86.2 MPH)
|
|
Batting: RHB Kevin Popowicz
|
0-0: Ball 1-0: Foul Ball, location: 2F 1-1: Foul Ball, location: 2F 1-2: Ball 2-2: Ball 3-2: Strikes out looking
|
| Top of the 9th over - 0 runs, 0 hits, 0 errors, 0 left on base; Aberdeen 2 - Vermont 4 |
|